 Seeded DCSS version 0.29-a0-1052-g6990b1bffc (webtiles) character file.

Game seed: 1 (custom seed)

16845 Kazon the Wild Gargoyle (level 12, -9/74 HPs)
             Began as a Gargoyle Berserker on Aug 17, 2022.
             Was a High Priest of Trog.
             Mangled by a seven-headed hydra (13 damage)
             ... on level 1 of the Lair of Beasts.
             The game lasted 00:52:23 (8825 turns).

Kazon the Wild Gargoyle (Gargoyle Berserker)        Turns: 8825, Time: 00:52:24

Health: -9/74      AC: 18    Str: 22    XL:     12   Next: 41%
Magic:  21/21      EV: 13    Int: 10    God:    Trog [*****.]
Gold:   149        SH:  0    Dex: 11    Spells: 11/11 levels left

rFire   . . .      SeeInvis .   q - +6 shillelagh "Devastator" {shatter}
rCold   . . .      Faith    .   (no shield)
rNeg    + + .      Spirit   .   G - +0 troll leather armour
rPois   ∞          Reflect  .   p - +0 helmet
rElec   +          Harm     .   (no cloak)
rCorr   .          Rampage  .   (no gloves)
Will    .....                   n - +2 pair of boots
Stlth   +++.......              r - amulet of regeneration
HPRegen 1.82/turn               K - +4 ring of slaying
MPRegen 0.17/turn               Q - ring of positive energy

@: studying 2 skills
A: sickness immunity, AC +8, negative energy resistance 1, electricity
resistance, torment resistance 1, petrification resistance
a: Renounce Religion, Berserk, Trog's Hand, Brothers in Arms


You were on level 1 of the Lair of Beasts.
You worshipped Trog.
Trog was extremely pleased with you.
You visited 2 branches of the dungeon, and saw 12 of its levels.

You collected 737 gold pieces.
You spent 588 gold pieces at shops.

Inventory:

Hand Weapons
 b - the +1 flail of Resourcefulness {antimagic, rN+ Dex+3}
   (You bought it in a shop on level 9 of the Dungeon)

   It reduces the magical energy of the wielder, and disrupts the spells and
   magical abilities of those it strikes.
   Natural abilities and divine invocations are not affected.
   Dex:       It affects your dexterity (+3).
   rN:        It protects you from negative energy.
 f - a +1 war axe of flaming
 q - the +6 shillelagh "Devastator" (weapon) {shatter}
   (You found it on level 6 of the Dungeon)

   It releases a powerful concussive burst when it strikes, dealing extra damage
   to the target and all other foes adjacent to them.
 u - the +3 falchion of Winter {venom, rCorr}
   (You bought it in a shop on level 3 of the Dungeon)

   It poisons the flesh of those it strikes.
   rCorr:     It protects you from acid and corrosion.
 v - a +1 demon whip of venom
Missiles
 e - 3 curare-tipped darts
 g - 20 stones (quivered)
 i - a throwing net
 l - 6 boomerangs
 C - 3 boomerangs of dispersal
 E - 22 poisoned darts
Armour
 n - a +2 pair of boots (worn)
 p - a +0 helmet (worn)
 D - a +2 chain mail of cold resistance
 G - a +0 troll leather armour (worn)
Jewellery
 r - an amulet of regeneration (around neck)
 K - a +4 ring of slaying (left hand)
 Q - a ring of positive energy (right hand)
Wands
 w - a wand of flame (11)
 x - a wand of mindburst (22)
 P - a wand of paralysis (3)
Scrolls
 h - 8 scrolls of identify {unknown}
 k - 2 scrolls of fog {unknown}
 m - 2 scrolls of immolation {unknown}
 s - 4 scrolls of enchant weapon {unknown}
 y - 2 scrolls of vulnerability {unknown}
 I - a scroll of teleportation {unknown}
 N - 3 scrolls of blinking {unknown}
 O - a scroll of enchant armour {unknown}
 R - a scroll of brand weapon {unknown}
Potions
 c - a potion of haste {unknown}
 d - 4 potions of attraction {unknown}
 j - 2 potions of heal wounds
 o - a potion of berserk rage {unknown}
 t - a potion of magic {unknown}
 z - 2 potions of ambrosia {unknown}
 B - 2 potions of curing {unknown}
 F - a potion of mutation {unknown}
 H - 2 potions of brilliance {unknown}
 L - 2 potions of flight {unknown}
 M - a potion of lignification {unknown}


   Skills:
 + Level 8.2 Fighting
 + Level 1.8(4.4) Short Blades
 + Level 6.4(6.6) Long Blades
 + Level 10.3 Maces & Flails
 + Level 6.0 Throwing
 + Level 6.8 Armour
 + Level 4.4 Dodging
 + Level 5.8 Stealth
 * Level 12.5 Invocations
 * Level 5.6 Evocations


You had 11 spell levels left.
You didn't know any spells.
Your spell library was empty.

Dungeon Overview and Level Annotations

Branches:
Dungeon (11/15)            Temple (0/1) D:7            Lair (1/5) D:10
    Orc: D:9-12

Altars:
Elyvilon
Hepliaklqana
Uskayaw
Jiyva

Shops:
D:3 (   D:7 *   D:9 (

Annotations:
D:8 3 runed translucent doors, Asceticacid's ghost, novice MeBe; Kazon's ghost, journeyman NaBe; crescentfresh's ghost, novice OpVM; quixfox's ghost, novice DsCj; testman's ghost, journeyman FoHu
D:9 3 runed translucent doors, Faca's ghost, journeyman MfGl


Innate Abilities, Weirdness & Mutations

You are immune to sickness and miasma.
Your stone body is resilient. (AC +8)
You are immune to poison.
You resist negative energy. (rN+)
You are resistant to electric shocks. (rElec)
You are resistant to unholy torment.
You are immune to petrification.


Message History

The seven-headed hydra barely misses you.
The seven-headed hydra bites you.
The seven-headed hydra barely misses you.
The seven-headed hydra bites you but does no damage. x2
You hit the seven-headed hydra.
The seven-headed hydra shudders.
The seven-headed hydra is moderately wounded. x2
The seven-headed hydra bites you but does no damage. x2
The seven-headed hydra closely misses you.
The seven-headed hydra barely misses you.
The seven-headed hydra bites you!
The seven-headed hydra bites you but does no damage.
The seven-headed hydra misses you.
You barely miss the seven-headed hydra.
The seven-headed hydra is moderately wounded.
The seven-headed hydra closely misses you.
The seven-headed hydra bites you. The seven-headed hydra bites you!
The seven-headed hydra barely misses you.
The seven-headed hydra bites you!
The seven-headed hydra completely misses you.
The seven-headed hydra bites you!
* * * LOW HITPOINT WARNING * * *
The seven-headed hydra attacks as you move away!
The seven-headed hydra bites you but does no damage.
The seven-headed hydra closely misses you.
The seven-headed hydra bites you but does no damage.
The seven-headed hydra barely misses you. x2
The seven-headed hydra bites you. The seven-headed hydra bites you!
* * * LOW HITPOINT WARNING * * *
Your deep troll goes berserk!
The seven-headed hydra bites you.
* * * LOW HITPOINT WARNING * * *
The seven-headed hydra bites you!
* * * LOW HITPOINT WARNING * * *
The seven-headed hydra bites you but does no damage.
The seven-headed hydra misses you.
The seven-headed hydra barely misses you.
The seven-headed hydra bites you.
* * * LOW HITPOINT WARNING * * *
The seven-headed hydra bites you!
You die...

......... ....... ###.....P###
.#.# ..##.# ##.#.....##.###.P..
#...# ................P. ..
..... #.###..#.#...........
##..##.# #....................
........
#..##.##.#####.T.......##..###.
#..#.##.####P..........##.PP..
##...........D@................
#P..#.#.###..###.#.#.#.###.###.
#.##..#.##..###..##.#.###..##.
#.............................
#.#P.................##.##.###
#.............................
####.######P.###.#P#########P#
### #### ##### ###


You could see a seven-headed hydra (ally target) and a friendly deep troll
(summoned, berserk).

Vanquished Creatures
  Erica (Lair:1)
  5 death yaks (D:10)
  Amaemon (D:10)
  2 black mambas (Lair:1)
  An orange demon (D:10)
  2 unseen horrors
  Maggie (D:7)
  2 gargoyles (D:8)
  3 cane toads (Lair:1)
  2 hellwings (D:11)
  A red devil (D:11)
  3 trolls
  A hornet (D:10)
  A slime creature (D:8)
  A shadow (D:11)
  A wyvern (Lair:1)
  A vampire (D:10)
  2 wraiths (D:11)
  Eustachio (D:4)
  A basilisk (Lair:1)
  5 yaks (D:8)
  2 steam dragons
  A vampire mosquito (D:8)
  Duvessa (D:5)
  3 water moccasins
  4 orc warriors
  2 ice beasts
  6 ogres
  3 black bears
  2 centaurs (D:8)
  3 wolves (Lair:1)
  2 phantoms
  2 kobold brigands
  8 bullfrogs
  2 necrophages (D:5)
  5 scorpions
  A gnoll sergeant (D:10)
  5 wights (D:7)
  Dowan (D:5)
  12 killer bees
  3 howler monkeys
  5 quasits (D:11)
  8 hounds
  A jelly (D:6)
  A gnoll bouda (D:8)
  6 orc priests
  4 iguanas
  12 orc wizards
  Natasha (thrice) (D:4)
  15 gnolls
  2 adders (D:2)
  An ufetubus (D:4)
  2 worms
  3 dart slugs
  56 orcs
  7 endoplasms
  A giant cockroach (D:1)
  8 goblins
  12 hobgoblins
  7 jackals
  19 kobolds
  4 quokkas
  5 ball pythons
  2 bats
  4 frilled lizards
  5 rats
299 creatures vanquished.

Vanquished Creatures (others)
  3 demonic plants (D:11)
  3 fungi (Lair:1)
  A plant (Lair:1)
7 creatures vanquished.

Grand Total: 306 creatures vanquished

Notes
Turn   | Place    | Note
-------+----------+-------------------------------------------
     0 | D:1      | Kazon the Gargoyle Berserker began the quest for the Orb.
     0 | D:1      | Reached XP level 1. HP: 14/14 MP: 1/1
   450 | D:1      | Reached XP level 2. HP: 18/19 MP: 2/2
   507 | D:1      | Identified a scroll of acquirement
   507 | D:1      | Acquired a manual of Invocations
   936 | D:2      | Reached skill level 1 in Invocations
   936 | D:2      | Reached XP level 3. HP: 24/24 MP: 3/3
  1171 | D:2      | Reached XP level 4. HP: 22/29 MP: 3/5
  1177 | D:2      | Reached ** piety under Trog
  1208 | D:2      | Reached skill level 2 in Invocations
  1661 | D:3      | Found Umat's Antique Weapon Boutique.
  2021 | D:3      | Bought a crude falchion for 184 gold pieces
  2021 | D:3      | Identified the +3 falchion of Winter {venom, rCorr} (You
                  | bought it in a shop on level 3 of the Dungeon)
  2317 | D:4      | Reached skill level 3 in Invocations
  2317 | D:4      | Reached XP level 5. HP: 32/33 MP: 7/7
  2417 | D:4      | Noticed Eustachio
  2431 | D:4      | Killed Eustachio
  2432 | D:4      | Reached skill level 1 in Short Blades
  2432 | D:4      | Reached skill level 1 in Long Blades
  2432 | D:4      | Reached skill level 1 in Throwing
  2432 | D:4      | Reached XP level 6. HP: 38/39 MP: 8/8
  2450 | D:4      | Noticed a black bear
  2466 | D:4      | Killed a black bear
  2467 | D:4      | Reached skill level 4 in Invocations
  2474 | D:4      | Reached *** piety under Trog
  2485 | D:4      | Reached XP level 7. HP: 11/44 MP: 10/10
  2544 | D:4      | Reached skill level 5 in Invocations
  2799 | D:4      | Reached XP level 8. HP: 48/48 MP: 12/12
  2810 | D:4      | Reached skill level 6 in Invocations
  2876 | D:4      | Reached skill level 5 in Fighting
  2895 | D:4      | Noticed Natasha
  2902 | D:4      | Killed Natasha
  2913 | D:4      | Noticed Natasha
  2919 | D:4      | Killed Natasha
  3081 | D:4      | Found a hazy altar of Hepliaklqana.
  3163 | D:4      | Noticed Natasha
  3168 | D:4      | Killed Natasha
  3286 | D:5      | Entered Level 5 of the Dungeon
  3286 | D:5      | Noticed Duvessa
  3286 | D:5      | Noticed Dowan
  3303 | D:5      | Killed Duvessa
  3307 | D:5      | Killed Dowan
  3411 | D:5      | Reached **** piety under Trog
  3507 | D:5      | Reached skill level 7 in Invocations
  4062 | D:6      | Reached skill level 5 in Long Blades
  4062 | D:6      | Reached XP level 9. HP: 54/54 MP: 14/14
  4270 | D:6      | Reached skill level 8 in Invocations
  4385 | D:6      | Found the +6 shillelagh "Devastator" {shatter}
  4660 | D:7      | Reached skill level 1 in Evocations
  4663 | D:7      | Reached skill level 5 in Armour
  4674 | D:7      | Found Binerhev's Lightly-Used Armoury.
  4728 | D:7      | Noticed a troll
  4739 | D:7      | Killed a troll
  4740 | D:7      | Reached skill level 9 in Invocations
  4865 | D:7      | Found a white marble altar of Elyvilon.
  5012 | D:7      | Reached ***** piety under Trog
  5013 | D:7      | Reached skill level 1 in Stealth
  5069 | D:7      | Reached XP level 10. HP: 60/60 MP: 16/16
  5075 | D:7      | Found a staircase to the Ecumenical Temple.
  5180 | D:7      | Noticed Maggie
  5181 | D:7      | Found a hide-covered altar of Uskayaw.
  5185 | D:7      | Killed Maggie
  5325 | D:7      | Reached skill level 5 in Maces & Flails
  5656 | D:8      | Reached skill level 10 in Invocations
  5664 | D:8      | Found a runed translucent gate.
  5665 | D:8      | Found a runed translucent gate.
  5665 | D:8      | Found a runed translucent gate.
  5666 | D:8      | Noticed crescentfresh's ghost (novice OpVM)
  5666 | D:8      | Noticed Asceticacid's ghost (novice MeBe)
  5667 | D:8      | Noticed Kazon's ghost (journeyman NaBe)
  5667 | D:8      | Noticed testman's ghost (journeyman FoHu)
  5667 | D:8      | Noticed quixfox's ghost (novice DsCj)
  5898 | D:8      | Noticed a gargoyle
  5904 | D:8      | Killed a gargoyle
  5934 | D:8      | Noticed a gargoyle
  5943 | D:8      | Killed a gargoyle
  5956 | D:8      | Reached skill level 5 in Throwing
  5989 | D:8      | Identified the +6 great sword of the Gloaming {distort, rC+
                  | Will+ Dex+4}
  6048 | D:8      | Killed an unseen horror
  6049 | D:8      | Reached XP level 11. HP: 61/66 MP: 18/18
  6773 | D:9      | Found a runed translucent gate.
  6773 | D:9      | Found a runed translucent gate.
  6773 | D:9      | Found a runed translucent gate.
  6775 | D:9      | Found a viscous altar of Jiyva.
  6775 | D:9      | Noticed Faca's ghost (journeyman MfGl)
  6948 | D:9      | Found Sudgh's Antique Weapon Shop.
  7044 | D:10     | Entered Level 10 of the Dungeon
  7146 | D:10     | Noticed a death yak
  7163 | D:10     | Killed a death yak
  7164 | D:10     | Reached skill level 11 in Invocations
  7173 | D:10     | Found a staircase to the Lair.
  7174 | D:10     | Noticed a death yak
  7174 | D:10     | Noticed a death yak
  7181 | D:10     | Noticed a death yak
  7183 | D:10     | Noticed a death yak
  7186 | D:10     | Killed a death yak
  7188 | D:10     | Killed a death yak
  7192 | D:10     | Killed a death yak
  7193 | D:10     | Reached skill level 5 in Stealth
  7203 | D:10     | Killed a death yak
  7383 | D:10     | Noticed Amaemon
  7388 | D:10     | Killed Amaemon
  7473 | D:10     | Reached ****** piety under Trog
  7507 | D:9      | Bought an iridescent flail for 229 gold pieces
  7507 | D:9      | Identified the +1 flail of Resourcefulness {antimagic, rN+
                  | Dex+3} (You bought it in a shop on level 9 of the Dungeon)
  7507 | D:9      | Bought a masterwork sling for 175 gold pieces
  7507 | D:9      | Identified the +11 sling of Greed {freeze, Fragile rC+
                  | Str+6} (You bought it in a shop on level 9 of the Dungeon)
  7697 | D:11     | Reached skill level 5 in Evocations
  7938 | D:11     | Reached XP level 12. HP: 70/73 MP: 20/20
  8110 | D:11     | Reached skill level 12 in Invocations
  8293 | D:11     | Received a gift from Trog
  8509 | Lair:1   | Entered Level 1 of the Lair of Beasts
  8567 | Lair:1   | Reached skill level 10 in Maces & Flails
  8634 | Lair:1   | Noticed Erica
  8647 | Lair:1   | Killed Erica
  8809 | Lair:1   | Noticed a seven-headed hydra
  8825 | Lair:1   | Mangled by a seven-headed hydra

Illustrated notes

Levels and vault maps discovered:
D:1:      dpeg_arrival_three_smaller_balls, layout_basic
D:2:      layout_loops_ring
D:3:      layout_basic, serial_shops, nicolae_shop_stone, st_stairs_7
D:4:      minmay_razor_zed, layout_basic, worldfamousw_hep_ancestral_shrine,
          uniq_eustachio, uniq_natasha
D:5:      layout_basic, uniq_duvessa
D:6:      layout_rooms, dilly_guarded_unrand_devastator
D:7:      layout_basic, nicolae_uskayaw_dance_hall,
          mainiacjoe_overflow_six_doors_small,
          minmay_temple_entry_drinking_statues, serial_rivers,
          chequers_serial_rivers_micro_b, chequers_serial_rivers_small_a,
          chequers_serial_rivers_small_a, chequers_serial_rivers_large_a,
          chequers_serial_rivers_micro_a, minmay_shop_damaged, uniq_maggie
D:8:      minmay_tri_box, layout_loops_ring, gammafunk_ghost_cemetery,
          minmay_manual_mares
D:9:      layout_gridville, serial_shops, nicolae_take_the_stairs,
          gammafunk_ghost_ooze, minivault_11
D:10:     layout_roguey, dpeg_lair_monsters, uniq_amaemon
D:11:     layout_cave_pods, serial_demonic, serial_demonic_e, serial_demonic_f,
          serial_demonic_c, serial_demonic_f
Lair:1:   layout_long_grid, patterned_corridor, grunt_megastairs_3,
          lemuel_fruit_tree, uniq_erica

Skill      XL: |  1  2  3  4  5  6  7  8  9 10 11 12 |
---------------+-------------------------------------+-----
Invocations    | 1 3 4 5 7 9 10 11 12 | 12.5
Maces & Flails | 4 6 9 10 | 10.3
Fighting       | 4 5 6 7 8 |  8.2
Short Blades   | 1 |  1.8
Long Blades    | 1 3 5 6 |  6.4
Throwing       | 1 3 4 5 6 |  6.0
Armour         | 3 4 5 6 |  6.8
Dodging        | 2 3 4 |  4.4
Evocations     | 1 3 5 |  5.6
Stealth        | 1 4 5 |  5.8

Action                   |  1- 3 |  4- 6 |  7- 9 | 10-12 || total
-------------------------+-------+-------+-------+-------++-------
Melee: Mace              |    66 |       |       |       ||    66
       Punch             |     1 |       |     3 |     4 ||     8
       Dagger            |     3 |    79 |       |     3 ||    85
       Falchion          |       |    64 |   248 |       ||   312
       Shillelagh        |       |       |    43 |   261 ||   304
Throw: Stone             |     2 |    19 |    16 |    48 ||    85
       Dart              |       |     3 |    53 |     1 ||    57
       Boomerang         |       |     4 |    14 |    19 ||    37
Invok: Berserk           |     1 |     1 |     2 |     2 ||     6
       Trog's Hand       |       |       |       |     1 ||     1
       Brothers in Arms  |       |       |       |     1 ||     1
Evoke: Wand              |       |       |     4 |       ||     4
  Use: Scroll            |     1 |       |       |       ||     1
 Stab: Sleeping          |       |       |       |     9 ||     9
Armor: Animal skin       |    14 |       |       |       ||    14
       Chain mail        |     1 |   153 |    67 |       ||   221
       Ring mail         |       |       |    68 |       ||    68
       Troll leather arm |       |       |    11 |   154 ||   165
Dodge: Dodged            |    28 |    70 |   132 |   139 ||   369

Table legend: (Time is in decaauts)
 A = Elapsed time spent in this place.
 B = Non-inter-level travel time spent in this place.
 C = Inter-level travel time spent in this place.
 D = Time resting spent in this place.
 E = Time spent auto-exploring this place.
 F = Levels seen in this place.
 G = Mean time per level.
                   A        B        C        D        E       F      G
               +--------+--------+--------+--------+--------+-----+--------+
         Total |   8911 |   8488 |    423 |    277 |   3061 |  12 |  742.6 |
       Dungeon |   8607 |   8184 |    423 |    277 |   3037 |  11 |  782.5 |
          Lair |    304 |    304 |      0 |      0 |     24 |   1 |  304.0 |
               +--------+--------+--------+--------+--------+-----+--------+

Top non-repeatable levels by time:
     D:4: 1100 daAuts
     D:7: 913 daAuts
     D:8: 912 daAuts
     D:1: 904 daAuts
     D:2: 813 daAuts
     D:5: 779 daAuts
    D:11: 764 daAuts
    D:10: 662 daAuts
     D:9: 616 daAuts
     D:6: 609 daAuts
     D:3: 532 daAuts
  Lair:1: 304 daAuts
